 Dungeon Crawl Stone Soup version 0.17-a0-2027-gcac42c4 (webtiles) character file.

804 maniek23 the Sneak (level 7, -8/47 HPs)
             Began as a Vampire Enchanter on Oct 10, 2015.
             Was a Priest of Ru.
             Mangled by an ogre
             ... wielding a +0 giant club
              (16 damage)
             ... on level 5 of the Dungeon.
             The game lasted 00:12:55 (3360 turns).

maniek23 the Sneak (Vampire Enchanter)              Turns: 3360, Time: 00:12:55

Health: -8/47      AC:  6    Str:  8    XL:     7   Next: 60%
Magic:  12/12      EV: 14    Int: 18    God:    Ru [***...]
Gold:   174        SH:  0    Dex: 15    Spells: 3 memorised, 7 levels left

rFire  . . .     SeeInvis +     a - +1 dagger
rCold  . . .     Clarity  .     b - +1 robe
rNeg   + . .     SustAt   .     (shield unavailable)
rPois  .         Gourm    .     e - +1 hat
rElec  .         Spirit   .     r - +0 cloak
rCorr  .         Warding  .     f - +0 pair of gloves
rMut   .         Stasis   .     (no boots)
MR     +....                    y - amulet of faith
Stlth  ++++......               A - ring of protection from magic
                                (ring unavailable)

@: somewhat resistant to hostile enchantments, stealthy
A: fangs 3, see invisible, unbreathing, missing a hand
a: Bat Form, Draw Out Power, Renounce Religion


You were on level 5 of the Dungeon.
You worshipped Ru.
Ru was most pleased with you.
You were not thirsty.

You visited 1 branch of the dungeon, and saw 5 of its levels.

You collected 174 gold pieces.

Inventory:

Hand Weapons
 a - a +1 dagger (weapon)
 w - a +4 short sword of electrocution
Armour
 b - a +1 robe (worn)
 e - a +1 hat (worn)
 f - a +0 pair of gloves (worn)
 r - a +0 cloak (worn)
Jewellery
 x - an uncursed amulet of warding
 y - an amulet of faith (around neck)
 A - a ring of protection from magic (right hand)
Wands
 D - a wand of random effects (38)
Scrolls
 g - 2 scrolls of teleportation {unknown}
 h - 5 scrolls of remove curse {unknown}
 j - a scroll of magic mapping {unknown}
 k - 2 scrolls of noise {unknown}
 l - a scroll of enchant armour {unknown}
 m - 3 scrolls of random uselessness {unknown}
 p - 2 scrolls of recharging {unknown}
 s - 4 scrolls of identify {unknown}
 z - a scroll of fear {unknown}
 B - a scroll of blinking {unknown}
Potions
 d - 21 potions of blood
 i - a potion of brilliance {unknown}
 n - a potion of heal wounds
 o - 2 potions of lignification {unknown}
 q - 2 potions of might {unknown}
 t - a potion of agility {unknown}
 v - a potion of curing {unknown}
 C - 2 potions of invisibility {unknown}
 E - a potion of magic {unknown}
Books
 c - a book of Maledictions

   Spells                             Type                      Level
   a - Corona                         Hexes                        1
   b - Ensorcelled Hibernation        Hexes/Ice                    2
   c - Confuse                        Hexes                        3
   d - Tukima's Dance                 Hexes                        3
   e - Dazzling Spray                 Conjuration/Hexes            3
 u - an Akashic Record

   Spells                             Type                      Level
   a - Dispersal                      Translocation                6
   b - Controlled Blink               Translocation                7
   c - Malign Gateway                 Summoning/Translocation      7
   d - Disjunction                    Translocation                8


   Skills:
 - Level 0.3 Fighting
 * Level 4.4 Short Blades
 + Level 4.1 Dodging
 + Level 7.3 Stealth
 + Level 3.7 Spellcasting
 + Level 7.0 Hexes
 - Level 1.6 Ice Magic


You had 7 spell levels left.
You knew the following spells:

 Your Spells              Type           Power        Failure   Level  Hunger
a - Corona                Hex            ####...      1%          1    None
b - Ensorcelled Hibernat  Hex/Ice        ###...       4%          2    ##.....
c - Confuse               Hex            ####....     2%          3    ###....


Dungeon Overview and Level Annotations

Branches:
Dungeon (5/15)
 Temple: D:4-7

Altars:
Ru


Innate Abilities, Weirdness & Mutations

You have razor-sharp teeth.
You have supernaturally acute eyesight.
You can survive without breathing.
You are missing a hand.


Message History

The ogre is severely wounded.
You closely miss the ogre.
The ogre is severely wounded.
The ogre barely misses you.
You hit the ogre.
The ogre is severely wounded.
The ogre barely misses you.
You hit the ogre.
The ogre is almost dead.
You barely miss the ogre.
The ogre is almost dead.
The ogre hits you with a giant club!
* * * LOW HITPOINT WARNING * * *
You are too injured to fight recklessly!
You hit the ogre.
The ogre is almost dead.
You closely miss the ogre.
The ogre is almost dead.
The ogre hits you with a giant club!
You die...

### .#. ### #.. #..
#.. #.# #.. #.# #
#..##.# .# #...#.##
#.## #....<.#
###...#### #...#..#
#.@O...... #.####.#
##.#...####
#.####.####
##(..#.##
#.......[.###......#
######.##.(...(....#
#.######......# #.#
.......# #.#
.###.#### #.# #. #.#


You could see an ogre.

Vanquished Creatures
  The ghost of ztt the Covered, a novice MiFi of Okawaru (D:4)
  3 orc priests
  2 orc wizards (D:4)
  A giant frog skeleton (D:4)
  A hound (D:4)
  An iguana (D:3)
  2 worker ants
  4 gnolls (D:2)
  9 adders
  An adder skeleton (D:4)
  6 worms
  18 orcs
  4 giant cockroaches
  6 goblins
  5 hobgoblins
  8 kobolds
  5 bats
  10 giant newts
  3 jackals (D:5)
  A jackal skeleton (D:4)
  5 quokkas
  9 rats
105 creatures vanquished.

Notes
Turn   | Place    | Note
--------------------------------------------------------------
     0 | D:1      | maniek23 the Vampire Enchanter began the quest for the Orb.
     0 | D:1      | Reached XP level 1. HP: 13/13 MP: 3/3
   139 | D:1      | You fall through a shaft!
   151 | D:2      | Reached XP level 2. HP: 19/19 MP: 5/5
   294 | D:1      | Reached skill level 5 in Hexes
   614 | D:2      | Learned a level 2 spell: Ensorcelled Hibernation
   632 | D:2      | Reached skill level 5 in Stealth
   632 | D:2      | Reached XP level 3. HP: 12/25 MP: 1/6
  1061 | D:2      | Reached XP level 4. HP: 28/31 MP: 0/7
  1327 | D:2      | Learned a level 3 spell: Confuse
  1476 | D:3      | Reached skill level 6 in Stealth
  1476 | D:3      | Reached XP level 5. HP: 36/36 MP: 4/8
  1562 | D:3      | Found a sacrificial altar of Ru.
  1576 | D:3      | Became a worshipper of Ru the Awakened
  2393 | D:3      | Reached XP level 6. HP: 15/42 MP: 2/10
  2618 | D:4      | Noticed ztt's ghost (novice MiFi)
  2660 | D:4      | Gained mutation: You are missing a hand. [Ru sacrifice]
  2660 | D:4      | Acquired Ru's first power
  2660 | D:4      | Acquired Ru's second power
  2660 | D:4      | Acquired Ru's third power
  2916 | D:4      | Killed ztt's ghost
  2916 | D:4      | Reached skill level 7 in Stealth
  2916 | D:4      | Reached skill level 1 in Ice Magic
  2916 | D:4      | Reached XP level 7. HP: 39/47 MP: 8/12
  3304 | D:5      | Entered Level 5 of the Dungeon
  3360 | D:5      | Mangled by an ogre

Vault maps used:
D:1:      dpeg_arrival_three_same_balls
D:2:      first_bread, minmay_liquid_box, grunt_decor_mini_mirrors
D:3:      nicolae_ru_sacrificial_ziggurat
D:5:      lemuel_ratsnest, uniq_eustachio

Action                   |  1- 3 |  4- 6 |  7- 9 || total
-------------------------+-------+-------+-------++-------
Melee: Dagger            |    97 |   204 |   122 ||   423
 Cast: Ensorcelled Hiber |     5 |    14 |     7 ||    26
       Corona            |       |     1 |       ||     1
       Confuse           |       |     8 |       ||     8
Invok: Sacrifice a Hand  |       |     1 |       ||     1
 Abil: End Transformatio |       |     1 |       ||     1
       Bat Form          |       |     1 |       ||     1
  Use: Potion            |       |     1 |       ||     1
 Stab: Sleeping          |    13 |    24 |     6 ||    43
       Distracted        |     1 |       |       ||     1
       Confused          |       |     6 |       ||     6
  Eat: Corpse            |     8 |     4 |     4 ||    16
